 Dungeon Crawl Stone Soup version 0.30-a0-1160-g6e42c06551 (webtiles) character file.

Game seed: 16435093928933599113

280 Lavandula the Cutter (level 6, -8/43 HPs)
             Began as a Mummy Wanderer on Apr 27, 2023.
             Mangled by Pikel
             ... wielding a +1 whip of electrocution
              (9 damage)
             ... on level 4 of the Dungeon.
             The game lasted 00:05:19 (2404 turns).

Lavandula the Cutter (Mummy Wanderer)               Turns: 2404, Time: 00:05:19

Health: -8/43      AC:  7    Str: 14    XL:     6   Next: 5%
Magic:  8/8        EV: 11    Int: 15    God:
Gold:   210        SH:  0    Dex: 11    Spells: 6/7 levels left

rFire   x . .        c - +1 dagger (distort)
rCold   + . .        (no shield)
rNeg    + + +        d - +0 leather armour
rPois   ∞            (no helmet)
rElec   .            (no cloak)
rCorr   .            b - +0 pair of gloves
SInv    +            l - +2 pair of boots
Will    .....        j - amulet of regeneration
Stlth   ++           o - ring of see invisible
HPRegen 1.07/turn    (no ring)
MPRegen 0.11/turn

%: faith
@: no status effects
A: cold resistance 1, negative energy resistance 3, torment resistance 2, heat
vulnerability 1, in touch with death 1, no potions, faith
a: no special abilities


You were on level 4 of the Dungeon.
You visited 1 branch of the dungeon, and saw 4 of its levels.

You collected 210 gold pieces.

Inventory:

Hand Weapons
 a - a +0 mace
 c - a +1 dagger of distortion (weapon)
 h - a +1 hand axe of electrocution
Armour
 b - a +0 pair of gloves (worn)
 d - a +0 leather armour (worn)
 l - a +2 pair of boots (worn)
Jewellery
 j - an amulet of regeneration (around neck)
 o - a ring of see invisible (left hand)
Scrolls
 e - a scroll of blinking {unknown}
 f - 2 scrolls of teleportation {unknown}
 g - a scroll of noise {unknown}
 i - a scroll of poison {unknown}
 k - 2 scrolls of identify {unknown}
 m - a scroll of amnesia {unknown}
 n - 2 scrolls of immolation {unknown}
 p - a scroll of enchant weapon {unknown}


   Skills:
 - Level 1.0 Fighting
 + Level 3.5 Short Blades
 - Level 2.6(2.9) Axes
 - Level 1.5(2.3) Maces & Flails
 - Level 2.4 Stealth
 - Level 1.3 Spellcasting
 - Level 2.4 Transmutations
 - Level 1.3 Poison Magic


You had 6 spell levels left.
You knew the following spells:

 Your Spells              Type           Power      Damage    Failure   Level
a - Sting                 Tmut/Pois      24%        1d4       14%         1

Your spell library contained the following spells:

 Spells                   Type           Power      Damage    Failure   Level
 Passwall                 Tmut/Erth      3%         N/A       28%         2
 Lesser Beckoning         Tloc           2%         N/A       41%         2
 Ignite Poison            Fire/Tmut/Pois 4%         N/A       47%         3
 Gell's Gravitas          Tloc           1%         N/A       65%         3
 Stone Arrow              Conj/Erth      2%         3d7       65%         3
 Teleport Other           Tloc           1%         N/A       65%         3
 Animate Armour           Summ/Erth      2%         N/A       96%         4
 Summon Forest            Summ/Tloc      0%         N/A       100%        5
 Summon Mana Viper        Hex/Summ       1%         N/A       100%        5
 Summon Cactus Giant      Summ           0%         N/A       100%        6
 Lehudib's Crystal Spear  Conj/Erth      0%         10d2      100%        8


Dungeon Overview and Level Annotations

Branches:
Dungeon (4/15)
 Temple: D:4-7

Altars:
Ashenzari

Annotations:
D:3 1 runed translucent door, Crazy Yiuf, Sigmund
D:4 Pikel
Abyss:1 Robin, Terence


Innate Abilities, Weirdness & Mutations

You are immune to poison.
Your flesh is cold resistant. (rC+)
You are immune to negative energy. (rN+++)
You are immune to unholy pain and torment.
You are vulnerable to heat. (rF-)
You are in touch with the powers of death.
You do not drink.
You have a special connection with the divine. (Faith)


Message History

You aren't carrying any items that you can evoke.
Unknown command.
You have nothing you can fire or use right now.
Unknown command.
You miss Pikel.
Pikel is moderately wounded.
Okay, then.
You hit Pikel but do no damage.
Pikel is moderately wounded.
The lemure hits you! Pikel hits you but does no damage.
You are electrocuted!
* * * LOW HITPOINT WARNING * * *
The lemure closely misses you.
Unknown command.
You hit Pikel.
Pikel is heavily wounded.
Pikel blinks!
The lemure hits you but does no damage. The lemure closely misses you.
Unknown command.
You see here a pink potion.
Unknown command.
Okay, then.
Unknown command.
Sorry, you're not good enough to have a special ability.
Unknown command.
The lemure attacks as you move away! The lemure hits you.
* * * LOW HITPOINT WARNING * * *
Unknown command.
Unknown command.
You closely miss Pikel.
Pikel is heavily wounded.
The lemure barely misses you.
Pikel cracks his whip.
Pikel hits you with a +1 whip of electrocution!
* * * LOW HITPOINT WARNING * * *
Unknown command.
You hit Pikel but do no damage.
Space warps horribly around Pikel!!
Pikel is almost dead.
The lemure closely misses you.
Pikel hits you with a +1 whip of electrocution!
You die...

.. #.###..##
#.#####.##..##
#.......##..#######
........##...)....#
.........#.###....#
.......†.).# .....
.........### ...#
.........# .##
.......K@# #
.......?5####
........5!..#
##......##........
######...........
###..[#####.
#...#?![#.
....#[[?#.
##..#)$)#.


You could see Pikel and 2 lemures.

Vanquished Creatures
  2 lemures (D:4)
  5 adders
  2 worms (D:2)
  3 dart slugs
  2 endoplasms (D:2)
  A giant cockroach (D:1)
  14 goblins
  A hobgoblin (D:3)
  A quokka (D:2)
  7 ball pythons
  5 frilled lizards
  4 kobolds
  2 rats
49 creatures vanquished.

Notes
Turn   | Place    | Note
-------+----------+-------------------------------------------
     0 | D:1      | Lavandula the Mummy Wanderer began the quest for the Orb.
     0 | D:1      | Lavandula set off with the following items: a +0 mace, a +0
                  | pair of gloves, a scroll of fear, a +0 leather armour; and
                  | the following spell memorised: Sting; and the following
                  | spells available to memorise: Passwall, Ignite Poison.
     0 | D:1      | Reached XP level 1. HP: 15/15 MP: 2/2
   759 | D:1      | Reached skill level 1 in Poison Magic
   785 | D:1      | Reached XP level 2. HP: 21/21 MP: 2/4
  1158 | D:2      | Reached skill level 1 in Axes
  1237 | D:2      | Gained mutation: You are in touch with the powers of death.
                  | [Mummy growth]
  1237 | D:2      | Reached XP level 3. HP: 26/26 MP: 2/5
  1607 | D:3      | Noticed Robin
  1607 | D:3      | Noticed Terence
  1657 | D:3      | Reached XP level 4. HP: 32/32 MP: 3/6
  1884 | D:3      | Banished Robin
  1905 | D:3      | Banished Terence
  1906 | D:3      | Reached skill level 1 in Short Blades
  2009 | D:3      | Found a runed translucent door.
  2010 | D:3      | Noticed Crazy Yiuf
  2111 | D:3      | Found a broken altar of Ashenzari.
  2128 | D:3      | Noticed Sigmund
  2217 | D:4      | Reached skill level 2 in Short Blades
  2217 | D:4      | Reached XP level 5. HP: 34/37 MP: 7/7
  2333 | D:4      | Noticed a lemure
  2334 | D:4      | Noticed an ogre
  2334 | D:4      | Noticed a lemure
  2345 | D:4      | Banished an ogre
  2346 | D:4      | Reached skill level 3 in Short Blades
  2346 | D:4      | Reached XP level 6. HP: 43/43 MP: 8/8
  2388 | D:4      | Noticed Pikel
  2403 | D:4      | HP: 1/43 [Pikel/+1 whip of electrocution (7)]
  2404 | D:4      | Mangled by Pikel

Illustrated notes

Levels and vault maps discovered:
D:1:      dpeg_arrival_simpleton_c, layout_loops_corners, serial_forest,
          infiniplex_forest_clump_double, infiniplex_forest_corner_2,
          infiniplex_forest_end_double, infiniplex_forest_end_2,
          infiniplex_forest_clump_tiny, infiniplex_forest_diagonal,
          infiniplex_forest_clump_long, infiniplex_forest_zigzag_2,
          minmay_crystal_water
D:2:      layout_rooms
D:3:      layout_rooms, mainiacjoe_overflow_concentric_impassable, minivault_24,
          uniq_sigmund, uniq_robin, uniq_jessica, uniq_crazy_yiuf_cottage,
          uniq_terence
D:4:      layout_rooms, due_unseen_surprise, uniq_pikel

Skill      XL: |  1  2  3  4  5 |
---------------+----------------+-----
Poison Magic   | 1 |  1.3
Axes           | 1 2 |  2.6
Short Blades   | 2 3 |  3.5
Fighting       | |  1.0
Maces & Flails | |  1.5
Stealth        | |  2.4
Spellcasting   | |  1.3
Transmutations | |  2.4

Action                     |  1- 3 |  4- 6 || total
---------------------------+-------+-------++-------
  Melee: Mace              |     8 |       ||     8
         Hand axe          |    52 |     8 ||    60
         Punch             |     1 |       ||     1
         Dagger            |       |    93 ||    93
   Cast: Sting             |    18 |     4 ||    22
    Use: Scroll            |       |     1 ||     1
   Stab: Sleeping          |     3 |     1 ||     4
         Distracted        |       |     1 ||     1
 Armour: Leather armour    |    19 |    34 ||    53
  Dodge: Dodged            |    25 |    41 ||    66

Table legend: (Time is in decaauts)
 A = Elapsed time spent in this place.
 B = Non-inter-level travel time spent in this place.
 C = Inter-level travel time spent in this place.
 D = Time resting spent in this place.
 E = Time spent auto-exploring this place.
 F = Levels seen in this place.
 G = Mean time per level.
                   A        B        C        D        E       F      G
               +--------+--------+--------+--------+--------+-----+--------+
         Total |   2406 |   2259 |    147 |    164 |   1582 |   4 |  601.5 |
       Dungeon |   2406 |   2259 |    147 |    164 |   1582 |   4 |  601.5 |
               +--------+--------+--------+--------+--------+-----+--------+

Top non-repeatable levels by time:
     D:1: 1069 daAuts
     D:2: 720 daAuts
     D:3: 426 daAuts
     D:4: 190 daAuts
